 Dungeon Crawl Stone Soup version 0.30-a0-381-g6ea064c7b4 (webtiles) character file.

Game seed: 10182341076285105382

16 NinjaNoafa the Conjurer (level 2, -2/11 HPs)
             Began as a Felid Conjurer on Dec 1, 2022.
             Slain by Natasha (6 damage)
             ... on level 2 of the Dungeon.
             The game lasted 00:01:55 (850 turns).

NinjaNoafa the Conjurer (Felid Conjurer)             Turns: 850, Time: 00:01:56

Health: -2/11      AC:  1    Str:  3    XL:     2   Next: 37%
Magic:  1/6        EV: 17    Int: 19    God:
Gold:   57         SH:  0    Dex: 14    Spells: 2/5 levels left
                                        Lives:  0   Deaths: 0

rFire   . . .      SeeInvis +    (weapon unavailable)
rCold   . . .      Faith    .    (shield unavailable)
rNeg    . . .      Spirit   .    (body armour unavailable)
rPois   .          Reflect  .    (helmet unavailable)
rElec   .          Harm     .    (cloak unavailable)
rCorr   .          Rampage  .    (gloves unavailable)
Will    .....                    (boots unavailable)
Stlth   ++........               (no amulet)
HPRegen 0.21/turn                (no ring)
MPRegen 0.10/turn                (no ring)

@: quick
A: very small, claws 1, fangs 3, see invisible, speed 1, shaggy fur 1, stealthy
paws, no weapons or thrown items, no armour, multi-lived
a: no special abilities


You were on level 2 of the Dungeon.
You visited 1 branch of the dungeon, and saw 2 of its levels.

You collected 57 gold pieces.

Inventory:

Scrolls
 b - a scroll of noise {unknown}
 c - a scroll of torment {unknown}
 d - 3 scrolls of identify {unknown}
 e - 4 scrolls of teleportation {unknown}
 g - a scroll of enchant armour {unknown}
 i - a scroll of amnesia {unknown}
Potions
 a - a potion of magic
 f - 4 potions of mutation {unknown}
 h - a potion of heal wounds {unknown}


   Skills:
 - Level 2.6 Dodging
 - Level 2.6 Stealth
 + Level 2.4 Spellcasting
 + Level 3.9 Conjurations


You had 2 spell levels left.
You knew the following spells:

 Your Spells              Type           Power      Damage    Failure   Level
a - Magic Dart            Conj           68%        1d6       3%          1
b - Searing Ray           Conj           34%        2d5       4%          2

Your spell library contained the following spells:

 Spells                   Type           Power      Damage    Failure   Level
 Dazzling Flash           Conj/Hex       18%        N/A       22%         3
 Fulminant Prism          Conj/Hex       4%         3d5       56%         4
 Iskenderun's Mystic Bla  Conj/Tloc      9%         2d4       56%         4
 Petrify                  Tmut/Erth      2%         N/A       85%         4
 Metabolic Englaciation   Hex/Ice        1%         N/A       99%         5
 Statue Form              Tmut/Erth      1%         N/A       100%        6


Dungeon Overview and Level Annotations

Branches:
Dungeon (2/15)

Altars:

Annotations:
D:2 Natasha


Innate Abilities, Weirdness & Mutations

You have sharp claws.
You have razor-sharp teeth.
You have supernaturally acute eyesight. (SInv)
You cover ground quickly. (Speed+)
You are covered in fur. (AC +1)
Your paws help you pounce on unaware monsters.
You are incapable of wielding weapons or throwing items.
You cannot wear armour.
You gain extra lives every three experience levels.


Message History

Natasha casts a spell at you. You resist with some effort.
There is a stone staircase leading up here.
You climb upwards.
There is a stone staircase leading down here.
Unknown command.
There is an escape hatch in the floor here.
There is a stone staircase leading down here.
HP restored.
Done exploring.
There is an escape hatch in the floor here.
You slide downwards.
The hatch slams shut behind you.
Level annotation: Natasha
Found a scroll labelled AVYPHU WILASAPP.
Found a stone staircase leading up.
Natasha is nearby!
Natasha is nearby!
Natasha is nearby!
Casting: Magic Dart (safe; 3% risk of failure)
Confirm with . or Enter, or press ? or * to list all spells.
Aiming: Searing Ray (safe; 4% risk of failure)
Press: ? - help, Shift-Dir - straight line, f - Natasha
Aim: Natasha (wandering, hasn't noticed you, 72% to hit)
The searing ray hits Natasha.
Natasha is moderately wounded.
Natasha hisses angrily. (Press . to maintain the ray.)
The searing ray misses Natasha.
Natasha howls an incantation.
Natasha's front paws start to glow.
The searing ray misses Natasha.
Natasha barely misses you.
The searing ray misses Natasha.
You finish channelling your searing ray.
Natasha claws you but does no damage. Natasha claws you!
Ouch! That really hurt!
Natasha attacks as you move away! Natasha barely misses you. Natasha claws you.
Ouch! That really hurt!
You die...

##.# .# ## ... ##<#
... ... ...# #.. ..
##.###.###.###.#
#..............
#...##.###.###.##. #
#...........#.
#...##.###.##...#
#.#.#..@....# #.##
...#...##h##...#..#
..# #.#.#...# #.#.##
#..
...#...#?..#...#######
#..#.#.#.#...#.#
#.#<....# ...
...##.##...#.......#
.# #.#. .|.
#.#.#..>..# ... ###
#...#..<..# .#
....#.#.....#


You could see Natasha.

Vanquished Creatures
  A ball python (D:1)
  3 bats (D:1)
  2 endoplasms (D:1)
  A goblin (D:1)
  2 hobgoblins (D:1)
  A frilled lizard (D:1)
  2 kobolds (D:1)
  2 rats (D:1)
14 creatures vanquished.

Notes
Turn   | Place    | Note
-------+----------+-------------------------------------------
     0 | D:1      | NinjaNoafa the Felid Conjurer began the quest for the Orb.
     0 | D:1      | Reached XP level 1. HP: 7/7 MP: 4/4
   391 | D:1      | Reached XP level 2. HP: 11/11 MP: 3/6
   444 | D:1      | Learned a level 2 spell: Searing Ray
   790 | D:2      | Noticed Natasha
   850 | D:2      | Slain by Natasha

Illustrated notes

Levels and vault maps discovered:
D:1:      co_arrival_square_in_a_square_in_a_square, layout_rooms
D:2:      layout_loops_cross, serial_shops, nicolae_square_shop,
          nicolae_concentric_dashed_squares_wild, serial_bayou_crossing,
          uniq_sigmund, uniq_natasha

Action                   || total
-------------------------++-------
Melee: Unarmed           ||     1
 Cast: Magic Dart        ||    25
       Searing Ray       ||     2
Armor: Skin              ||     1
Dodge: Dodged            ||     7

Table legend: (Time is in decaauts)
 A = Elapsed time spent in this place.
 B = Non-inter-level travel time spent in this place.
 C = Inter-level travel time spent in this place.
 D = Time resting spent in this place.
 E = Time spent auto-exploring this place.
 F = Levels seen in this place.
 G = Mean time per level.
                   A        B        C        D        E       F      G
               +--------+--------+--------+--------+--------+-----+--------+
         Total |    749 |    701 |     48 |      0 |    592 |   2 |  374.5 |
       Dungeon |    749 |    701 |     48 |      0 |    592 |   2 |  374.5 |
               +--------+--------+--------+--------+--------+-----+--------+

Top non-repeatable levels by time:
     D:1: 732 daAuts
     D:2: 17 daAuts
